 Dungeon Crawl Stone Soup version 0.29.1-2-gbd0b4ee654 (webtiles) character file.

Game seed: 4616234776268493295

178 Raikaria the Shooter (level 5, 0/38 HPs)
             Began as a Djinni Hunter on Nov 10, 2022.
             Killed from afar by Edmund (3 damage)
             ... with a puff of flame
             ... on level 4 of the Dungeon.
             The game lasted 00:05:07 (2536 turns).

Raikaria the Shooter (Djinni Hunter)                Turns: 2536, Time: 00:05:07

Health: 0/38       AC:  4    Str: 10    XL:     5   Next: 89%
Gold:   166        EV: 12    Int: 10    God:
                   SH:  0    Dex: 19

rFire   + + .      SeeInvis .   a - +0 shortbow
rCold   x . .      Faith    .   (shield currently unavailable)
rNeg    . . .      Spirit   .   c - +0 leather armour
rPois   ∞          Reflect  .   (no helmet)
rElec   .          Harm     .   (no cloak)
rCorr   .          Rampage  .   t - +0 pair of gloves
Will    .....                   (boots unavailable)
Stlth   ++........              (no amulet)
HPRegen 0.12/turn               (no ring)
MPRegen 0.00/turn               (no ring)

@: flying
A: sickness immunity, fire resistance 2, cold vulnerability 1, float, innate
caster, HP casting, extra vitality 1
a: no special abilities


You were on level 4 of the Dungeon.
You visited 1 branch of the dungeon, and saw 5 of its levels.

You collected 166 gold pieces.

Inventory:

Hand Weapons
 a - a +0 shortbow (weapon)
Armour
 c - a +0 leather armour (worn)
 l - the +1 ring mail "Hadgh" {*Corrode rC+ Regen+}
   (You found it on level 2 of the Dungeon)

   rC:        It protects you from cold.
   Regen:     It increases your rate of health regeneration.
   *Corrode:  It may corrode you when you take damage.
 t - a +0 pair of gloves (worn)
Scrolls
 b - 2 scrolls of immolation
 e - a scroll of magic mapping {unknown}
 f - 5 scrolls of identify {unknown}
 g - a scroll of poison {unknown}
 h - a scroll of brand weapon {unknown}
 i - a scroll of enchant weapon {unknown}
 k - a scroll of butterflies {unknown}
 o - a scroll of enchant armour {unknown}
 p - 2 scrolls of noise {unknown}
 s - a scroll of teleportation {unknown}
Potions
 d - a potion of heal wounds {unknown}
 j - a potion of degeneration {unknown}
 m - a potion of magic {unknown}
 n - a potion of mutation {unknown}
 q - a potion of lignification {unknown}
 r - a potion of resistance {unknown}


   Skills:
 - Level 2.0 Fighting
 * Level 5.5 Ranged Weapons
 - Level 2.1 Dodging
 - Level 0.7 Stealth


You had one spell level left.
You knew the following spells:

 Your Spells              Type           Power      Damage    Failure   Level
a - Summon Small Mammal   Summ           0%         N/A       45%         1
b - Call Imp              Summ           0%         N/A       61%         2
Your spell library was empty.

Dungeon Overview and Level Annotations

Branches:
Dungeon (5/15)
 Temple: D:4-7

Altars:
Fedhas
Nemelex Xobeh
Ru
Trog

Annotations:
D:4 Edmund


Innate Abilities, Weirdness & Mutations

You are immune to sickness and miasma.
You are immune to poison.
Your flesh is very heat resistant. (rF++)
You are vulnerable to cold. (rC-)
You float through the air rather than walking.
You learn spells naturally, not from books.
Your magical power is your life essence.
You have superior vitality. (+4 MHP)


Message History

You see here a +2 vorpal mace.
You reach down and open the door.
There is an open door here.
Found a stone staircase leading down.
No target in view!
Found a blossoming altar of Fedhas.
Found an ancient bone altar of Kikubaaqudgha.
There is a stone staircase leading down here.
You fly downwards.
There is a stone staircase leading up here.
You fly upwards.
There is a stone staircase leading down here.
Found a pair of gloves.
You see here a +0 pair of gloves.
t - a +0 pair of gloves You start putting on your armour.
You continue putting on your +0 pair of gloves. x4
You finish putting on your +0 pair of gloves.
No target in view!
Edmund the Younger comes into view.
He is wielding a +0 dire flail of protection and carrying a wand of flame (19).
Edmund shouts!
You shoot an arrow.
The arrow hits Edmund but does no damage.
You shoot an arrow. The arrow closely misses Edmund.
Edmund hits you with a +0 dire flail of protection!
Edmund zaps a wand.
The puff of flame hits you. You resist.
You shoot an arrow.
The arrow hits Edmund but does no damage.
Edmund misses you.
You shoot an arrow. The arrow barely misses Edmund.
Edmund hits you with a +0 dire flail of protection!
* * * LOW HITPOINT WARNING * * *
Edmund zaps a wand.
The puff of flame hits you. You resist.
* * * LOW HITPOINT WARNING * * *
Edmund zaps a wand.
The puff of flame misses you.
Edmund zaps a wand.
The puff of flame hits you. You resist.
* * * LOW HITPOINT WARNING * * *
Edmund asks, "Have you met my wondrous brother?"
Edmund zaps a wand.
The puff of flame hits you. You resist.
You die...

######### ####
##############.......#####...
.............#.......#...#...
.............+.......#.).#...
.......<.....#.......#...#...
.............#.......'...#...
.............#.......#...#...
.......#######.......#..##...
.......#....@...######..#....
########........#.......+....
#####..>.........#.......#....
#P.P#............#.......#....
#._P#...@........#.......#....
#.P.##...........###+###'#....
###P..#........................
#.#P..#..........†.............
#...................†..........


You could see Edmund.

Vanquished Creatures
  An orc priest (D:3)
  An orc wizard (D:3)
  A gnoll (D:1)
  5 adders
  3 dart slugs
  3 orcs (D:3)
  8 endoplasms
  A giant cockroach (D:1)
  5 goblins
  6 hobgoblins
  4 jackals (D:1)
  4 quokkas
  3 ball pythons
  3 bats
  5 frilled lizards
  6 kobolds
  7 rats
66 creatures vanquished.

Notes
Turn   | Place    | Note
-------+----------+-------------------------------------------
     0 | D:1      | Raikaria the Djinni Hunter began the quest for the Orb.
     0 | D:1      | Reached XP level 1. HP: 18/18 MP: 0/0
   184 | D:1      | Reached XP level 2. HP: 23/23 MP: 0/0
   202 | D:1      | You are sucked into a shaft and drop 1 floor!
   371 | D:1      | Found a faded altar of an unknown god.
   590 | D:1      | Reached skill level 4 in Ranged Weapons
   590 | D:1      | Reached XP level 3. HP: 25/28 MP: 0/0
   590 | D:1      | Learned a level 1 spell: Summon Small Mammal
  1151 | D:2      | Reached XP level 4. HP: 32/33 MP: 0/0
  1198 | D:2      | Identified the +1 ring mail "Hadgh" {*Corrode rC+ Regen+}
  1446 | D:2      | Found a bloodstained altar of Trog.
  1675 | D:3      | Found a sacrificial altar of Ru.
  1677 | D:3      | Found a sparkling altar of Nemelex Xobeh.
  1746 | D:3      | Reached skill level 5 in Ranged Weapons
  1746 | D:3      | Reached XP level 5. HP: 34/38 MP: 0/0
  1746 | D:3      | Learned a level 2 spell: Call Imp
  1957 | D:3      | Found a bloodstained altar of Trog.
  2475 | D:4      | Found a blossoming altar of Fedhas.
  2486 | D:5      | Entered Level 5 of the Dungeon
  2511 | D:4      | Noticed Edmund
  2523 | D:4      | HP: 1/38 [Edmund/puff of flame (4)]
  2536 | D:4      | Killed from afar by Edmund

Illustrated notes

Levels and vault maps discovered:
D:1:      lightli_arrival_statuegarden, layout_loops_ring,
          chequers_ecumenical_altar_island
D:2:      layout_basic, basic_altar
D:3:      layout_loops_ring, nicolae_overflow_squiral, lightli_temple_of_fire,
          minmay_misc_feat_five, minmay_tree_intersection
D:4:      layout_gridville, grunt_temple_overflow_growth_and_decay,
          ashenzari_conservatory_becter, kennysheep_little_box, uniq_edmund
D:5:      layout_loops_ring, elyvilon_altar_5,
          grunt_temple_overflow_order_and_chaos_2, hex_tiny

Skill      XL: |  1  2  3  4 |
---------------+-------------+-----
Ranged Weapons | 4 5 |  5.5
Fighting       | |  2.0
Dodging        | |  2.1
Stealth        | |  0.7

Action                   |  1- 3 |  4- 6 || total
-------------------------+-------+-------++-------
 Fire: Shortbow          |    99 |    89 ||   188
Armor: Leather armour    |     6 |       ||     6
       Ring mail         |       |    12 ||    12
Dodge: Dodged            |    34 |    17 ||    51
